 Dungeon Crawl Stone Soup version 0.18-a0-1639-g7533f42 (webtiles) character file.

23 M4edhros the Shield-Bearer (level 2, -15/21 HPs)
             Began as an Octopode Fighter on Mar 27, 2016.
             Demolished by a worm (18 damage)
             ... on level 2 of the Dungeon.
             The game lasted 00:00:37 (682 turns).

M4edhros the Shield-Bearer (Octopode Fighter)        Turns: 682, Time: 00:00:38

Health: -15/21     AC:  1    Str: 15    XL:     2   Next: 95%
Magic:  2/2        EV: 10    Int: 10    God:
Gold:   67         SH:  8    Dex: 11    Spells: 0 memorised, 1 level left

rFire  . . .     SeeInvis .     a - +0 trident
rCold  . . .     Gourm    .     b - +0 shield
rNeg   . . .     Faith    .     (helmet restricted)
rPois  .         Spirit   .     (no amulet)
rElec  .         Dismiss  .     j - ring of teleportation (curse)
rCorr  .         Reflect  .     (no ring)
SustAt .         Harm     .     (no ring)
MR     .....     Rnd*Tele +     (no ring)
Stlth  +++.......               (no ring)
                                (no ring)
                                (no ring)
                                (no ring)

@: not resistant to hostile enchantments, fairly stealthy
A: almost no armour, amphibious, 8 rings, constrict 8, camouflage 1, gelatinous
body 1
a: no special abilities


You were on level 2 of the Dungeon.
You were not hungry.

You visited 1 branch of the dungeon, and saw 2 of its levels.

You collected 67 gold pieces.

Inventory:

Hand Weapons
 a - a +0 trident (weapon)
Missiles
 g - 51 stones (quivered)
 h - 12 sling bullets
Armour
 b - a +0 shield (worn)
Jewellery
 j - a cursed ring of teleportation (left tentacle)
Scrolls
 e - a scroll of remove curse {unknown}
 k - 3 scrolls of fog {unknown}
 l - a scroll of enchant armour {unknown}
 m - a scroll of identify {unknown}
 o - a scroll of recharging {unknown}
Potions
 c - a potion of might
 f - a potion of curing {unknown}
 i - a potion of haste {unknown}
 n - a potion of lignification {unknown}
Comestibles
 d - 2 bread rations


   Skills:
 - Level 3.0 Fighting
 + Level 2.4 Polearms
 + Level 3.2 Dodging
 * Level 1.5 Stealth
 + Level 3.3 Shields


You had one spell level left.
You didn't know any spells.

Dungeon Overview and Level Annotations

Branches:
Dungeon (2/15)

Altars:
Trog


Innate Abilities, Weirdness & Mutations

You cannot wear most types of armour.
You are amphibious.
You can wear up to eight rings at the same time.
You can use your tentacles to constrict eight enemies at once.
Your skin changes colour to match your surroundings (Stealth).
Your rubbery body absorbs attacks (AC +1).


Message History

You reach to attack!
Your shield prevents you from hitting the rat.
The moth of wrath goads the worm on!
The worm goes berserk!
There are monsters nearby!
You hit the rat.
You kill the rat!
You barely miss the worm. You grab the worm. You constrict the worm.
The worm bites you!!
Ouch! That really hurt!
* * * LOW HITPOINT WARNING * * *
Drink which item? (? for menu, Esc to quit)
Okay, then.
Evoke which item? (* to show all) (? for menu, Esc to quit)
Okay, then.
Sorry, you're not good enough to have a special ability.
You completely miss the worm. You squeeze the worm!
The worm is moderately wounded.
You constrict the worm. The worm bites you!!
Ouch! That really hurt!
You die...

## .. ##
####
##....###
#......@#
.......w.#
....#....#
...###..).
...#y#._r)#
...###....#
....#..r.##
.........#


You could see a moth of wrath, a worm (berserk) and 2 rats.

Vanquished Creatures
  A dart slug (D:1)
  A giant gecko (D:1)
  A ball python (D:2)
  A giant cockroach (D:2)
  3 goblins (D:1)
  A hobgoblin (D:1)
  3 kobolds
  3 bats (D:1)
  A giant newt (D:2)
  4 rats
19 creatures vanquished.

Notes
Turn   | Place    | Note
--------------------------------------------------------------
     0 | D:1      | M4edhros the Octopode Fighter began the quest for the Orb.
     0 | D:1      | Reached XP level 1. HP: 16/16 MP: 1/1
   123 | D:1      | Reached skill level 1 in Stealth
   189 | D:1      | Reached XP level 2. HP: 17/21 MP: 2/2
   676 | D:2      | Found a bloodstained altar of Trog.
   677 | D:2      | Noticed a moth of wrath
   682 | D:2      | Demolished by a worm

Vault maps used:
D:1:      wheals_arrival_linesprint
D:2:      tgw_trog, first_bread

Skill      XL: |  1 |
---------------+----+-----
Stealth        | 1 |  1.5
Fighting       | |  3.0
Polearms       | |  2.4
Dodging        | |  3.2
Shields        | |  3.3

Action                   || total
-------------------------++-------
Melee: Trident           ||    40
 Stab: Sleeping          ||     3
